 Dungeon Crawl Stone Soup version 0.19.0-19-g8c6edcc (webtiles) character file.

396 Banto the Insei (level 6, -3/47 HPs)
             Began as a Draconian Transmuter on Nov 16, 2016.
             Was a Follower of Cheibriados.
             Killed from afar by Dowan (24 damage)
             ... with a shard of ice
             ... on level 5 of the Dungeon.
             The game lasted 00:06:29 (3610 turns).

Banto the Insei (Draconian Transmuter)              Turns: 3610, Time: 00:06:30

Health: -3/47      AC:  8    Str: 15    XL:     6   Next: 52%
Magic:  5/9        EV: 12    Int: 15    God:    Cheibriados [*.....]
Gold:   146        SH:  0    Dex: 15    Spells: 3 memorised, 2 levels left

rFire  . . .     SeeInvis .       - Unarmed
rCold  . . .     Gourm    .     (armour unavailable)
rNeg   . . .     Faith    .     (no shield)
rPois  .         Spirit   .     s - +1 hat
rElec  .         Reflect  .     (no cloak)
rCorr  .         Harm     .     (no gloves)
MR     .....                    e - +0 pair of boots
Stlth  ..........               (no amulet)
                                l - ring of loudness
                                g - ring of flight

@: appendage, very slow
A: unfitting armour, horns 2, cold-blooded, AC +6
a: End Transformation, Bend Time, Renounce Religion, Evoke Flight


You were on level 5 of the Dungeon.
You worshipped Cheibriados.
Cheibriados was aware of your devotion.
You were hungry.
You had grown temporary horns.
You visited 1 branch of the dungeon, and saw 5 of its levels.

You collected 341 gold pieces.
You spent 195 gold pieces at shops.

Inventory:

Missiles
 a - 15 arrows
 t - 2 curare-tipped needles
Armour
 e - a +0 pair of boots (worn)
 s - a +1 hat (worn)
Jewellery
 g - a ring of flight (left hand)
 l - a ring of loudness (right hand)
Wands
 y - a wand of flame (36/48)
Scrolls
 h - a scroll of amnesia
 i - a scroll of recharging
 k - 3 scrolls of immolation
 n - 3 scrolls of remove curse
 q - a scroll of fear
Potions
 f - 2 potions of might
 o - 4 potions of brilliance
 p - a potion of degeneration {unknown}
 r - a potion of lignification
 u - a potion of haste {unknown}
 v - a potion of mutation
 w - a potion of heal wounds
 x - a potion of agility {unknown}
 z - 4 potions of curing
Books
 b - a book of Changes

   Spells                             Type                      Level
   a - Beastly Appendage              Transmutation                1
   b - Sticks to Snakes               Transmutation                2
   c - Spider Form                    Transmutation/Poison         3
   d - Ice Form                       Ice/Transmutation            4
   e - Blade Hands                    Transmutation                5
 j - a book of the Tempests

   Spells                             Type                      Level
   a - Static Discharge               Conjuration/Air              3
   b - Lightning Bolt                 Conjuration/Air              5
   c - Fireball                       Conjuration/Fire             5
   d - Tornado                        Air                          9
   e - Shatter                        Earth                        9
Comestibles
 c - 7 bread rations
 d - 3 meat rations
 m - 4 beef jerkies


   Skills:
 - Level 1.1 Fighting
 - Level 1.7 Dodging
 + Level 5.4 Unarmed Combat
 - Level 2.0 Spellcasting
 + Level 5.3 Transmutations


You had 2 spell levels left.
You knew the following spells:

 Your Spells              Type           Power        Failure   Level  Hunger
a - Beastly Appendage     Tmut           ###...       2%          1    #......
b - Sticks to Snakes      Tmut           ###.....     4%          2    ###....
c - Ice Form              Ice/Tmut       #.......     78%         4    #####..


Dungeon Overview and Level Annotations

Branches:
Dungeon (5/15)             Temple (0/1) D:5

Altars:
Cheibriados
Elyvilon
Fedhas
Kikubaaqudgha
Qazlal
Uskayaw

Shops:
D:4 %(!

Annotations:
D:5 Dowan


Innate Abilities, Weirdness & Mutations

Your plain brown scales are hard. (AC +6)
You cannot fit into any form of body armour.
You are cold-blooded and may be slowed by cold attacks.
You have a pair of horns on your head.


Message History

Dowan's eyes darken. "You have made a black mistake."
Dowan seems to find hidden reserves of power!
You closely miss Dowan.
Dowan says, "How can I live without her?"
Dowan hits you but does no damage.
Your ball python bites Dowan.
Your ball python barely misses Dowan.
You hit Dowan. You punch Dowan, but do no damage.
Dowan is moderately wounded.
Dowan closely misses you.
Your ball python bites Dowan.
Your ball python closely misses Dowan. x2; Your ball python grabs Dowan.
Your ball python constricts Dowan.
Dowan closely misses you.
You completely miss Dowan. You headbutt Dowan.
You tail-slap Dowan, but do no damage.
Dowan is heavily wounded.
Your ball python bites Dowan but does no damage. x2
Your ball python constricts Dowan.
Dowan points at you and mumbles some strange words.
The shard of ice hits you!
Ouch! That really hurt!
You die...

.# .#.. .... .#.# .# #
##### .#.# .# ........####
.## # #... ....... ..###
#. #..# .....# ....#
###.####.S##.....## ..#.#
#........Seg.......
.##.####.###>...@##.....#.
##.......# #.....# .g....#
##..####.###.....# ..e###.
##..####........## ...#
##......>.<.....# ...#
...#####........# ...#
#### ##.............. #
####....### # #......


You could see Dowan, a hobgoblin and 2 friendly ball pythons.

Vanquished Creatures
  Duvessa (D:5)
  A scorpion (D:5)
  A hound (D:4)
  3 orc wizards
  Terence (D:2)
  4 adders
  An ooze (D:2)
  3 worms
  A dart slug (D:1)
  A leopard gecko (D:4)
  6 orcs
  5 giant cockroaches
  9 goblins
  10 hobgoblins
  2 jackals (D:2)
  8 bats
  6 frilled lizards
  6 kobolds
  9 rats
78 creatures vanquished.

Vanquished Creatures (collateral kills)
  2 adders (D:2)
  An ooze (D:2)
  A leopard gecko (D:4)
  2 orcs (D:3)
  A quokka (D:3)
  A frilled lizard (D:2)
8 creatures vanquished.

Grand Total: 86 creatures vanquished

Notes
Turn   | Place    | Note
-------+----------+-------------------------------------------
     0 | D:1      | Banto the Draconian Transmuter began the quest for the Orb.
     0 | D:1      | Reached XP level 1. HP: 16/16 MP: 3/3
    95 | D:1      | Reached XP level 2. HP: 22/23 MP: 3/5
   171 | D:1      | Learned a level 2 spell: Sticks to Snakes
   609 | D:2      | Reached XP level 3. HP: 25/28 MP: 6/6
  1097 | D:2      | Noticed Terence
  1116 | D:2      | Killed Terence
  1116 | D:2      | Reached XP level 4. HP: 13/35 MP: 2/7
  1501 | D:2      | Learned a level 4 spell: Ice Form
  1677 | D:3      | Found a blossoming altar of Fedhas.
  1686 | D:3      | Found a snail-covered altar of Cheibriados.
  1686 | D:3      | Found an ancient bone altar of Kikubaaqudgha.
  1688 | D:3      | Found a stormy altar of Qazlal.
  1689 | D:3      | Found a white marble altar of Elyvilon.
  1694 | D:3      | Became a worshipper of Cheibriados the Contemplative
  2022 | D:3      | Reached XP level 5. HP: 34/40 MP: 2/8
  2707 | D:4      | Reached * piety under Cheibriados
  2774 | D:4      | Reached skill level 5 in Unarmed Combat
  3033 | D:4      | Found Kuocih's Food Shop.
  3081 | D:4      | Found Vafobav's Weapon Boutique.
  3269 | D:4      | Found Ytiwyu Tuse's Distillery.
  3275 | D:4      | Bought a potion of lignification for 30 gold pieces
  3275 | D:4      | Bought a potion of mutation for 25 gold pieces
  3275 | D:4      | Bought a potion of heal wounds for 50 gold pieces
  3275 | D:4      | Bought a potion of curing for 30 gold pieces
  3275 | D:4      | Bought 2 potions of curing for 60 gold pieces
  3300 | D:4      | Reached XP level 6. HP: 36/47 MP: 9/9
  3403 | D:4      | Found a hide-covered altar of Uskayaw.
  3430 | D:5      | Entered Level 5 of the Dungeon
  3567 | D:5      | Reached skill level 5 in Transmutations
  3586 | D:5      | Found a staircase to the Ecumenical Temple.
  3597 | D:5      | Noticed Duvessa
  3597 | D:5      | Noticed Dowan
  3607 | D:5      | Killed Duvessa
  3610 | D:5      | Killed from afar by Dowan

Skill      XL: |  1  2  3  4  5  6 |
---------------+-------------------+-----
Transmutations | 3 4 5 |  5.3
Unarmed Combat | 4 5 |  5.4
Fighting       | |  1.1
Dodging        | |  1.7
Spellcasting   | |  2.0

Action                   |  1- 3 |  4- 6 || total
-------------------------+-------+-------++-------
Melee: Unarmed           |   141 |   198 ||   339
       Tailslap          |    12 |    17 ||    29
       Headbutt          |     4 |    13 ||    17
       Punch             |     3 |     3 ||     6
 Cast: Beastly Appendage |     8 |     9 ||    17
       Sticks to Snakes  |     8 |     8 ||    16
  Use: Scroll            |     8 |     8 ||    16
       Potion            |     1 |     3 ||     4
 Stab: Distracted        |     1 |       ||     1
       Sleeping          |     1 |       ||     1
  Eat: Chunk             |     2 |     7 ||     9
Armor: Skin              |    58 |    53 ||   111
Dodge: Dodged            |    95 |   118 ||   213

Table legend:
 A = Turns spent in this place as a percentage of turns spent in the entire game.
 B = Non-inter-level travel turns spent in this place as a percentage of non-inter-level travel turns spent in the entire game.
 C = Inter-level travel turns spent in this place as a percentage of turns spent in this place.
 D = Turns resting spent in this place as a percentage of non-inter-level travel turns spent in this place.
 E = Turns spent auto-exploring this place as a percentage of non-inter-level travel turns spent in this place.
 F = Non-inter-level travel turns spent in this place divided by the number of levels of this place that you've seen.
                   A       B       C       D       E      F
               +-------+-------+-------+-------+-------+----------------------
         Total | 100.0 | 100.0 |   0.5 |   2.7 |  14.5 | 215.0
       Dungeon | 100.0 | 100.0 |   0.5 |   2.7 |  14.5 | 215.0
               +-------+-------+-------+-------+-------+----------------------

Table legend:
 A = Kills in this place as a percentage of kills in entire the game.
 B = Kills by you in this place as a percentage of kills by you in the entire game.
 C = Kills by friends in this place as a percentage of kills by friends in the entire game.
 D = Other kills in this place as a percentage of other kills in the entire game.
 E = Experience gained in this place as a percentage of experience gained in the entire game.
 F = Experience gained in this place divided by the number of levels of this place that you have seen.
                   A       B       C       D       E      F
               +-------+-------+-------+-------+-------+----------------------
         Total | 100.0 | 100.0 | 100.0 |  -nan | 100.0 | 113.2
       Dungeon | 100.0 | 100.0 | 100.0 |  -nan | 100.0 | 113.2
               +-------+-------+-------+-------+-------+----------------------
